 Dungeon Crawl Stone Soup version 0.29-a0-821-g66395355a5 (webtiles) character file.

Game seed: 6754748239094268437

812 buhh the Insei (level 7, -2/47 HPs)
             Began as an Octopode Transmuter on July 7, 2022.
             Slain by an orc warrior
             ... wielding a +0 battleaxe
              (17 damage)
             ... on level 7 of the Dungeon.
             The game lasted 00:09:02 (5230 turns).

buhh the Insei (Octopode Transmuter)                Turns: 5230, Time: 00:09:02

Health: -2/47      AC:  1    Str:  9    XL:     7   Next: 93%
Magic:  7/10       EV: 14    Int: 18    God:
Gold:   297        SH:  0    Dex: 12    Spells: 4/10 levels left

rFire   . . .      SeeInvis .     - Unarmed
rCold   . . .      Faith    .   (no shield)
rNeg    . . .      Spirit   .   (helmet restricted)
rPois   .          Reflect  .   (no amulet)
rElec   .          Harm     .   (no ring)
rCorr   .          Rampage  .   (no ring)
Will    .....                   (no ring)
Stlth   +++.......              (no ring)
HPRegen 0.15/turn               (no ring)
MPRegen 0.12/turn               (no ring)
                                (no ring)
                                (no ring)

@: no status effects
A: almost no armour, amphibious, 8 rings, camouflage 1, gelatinous body 1,
(nimble swimmer 1), tentacles
a: no special abilities


You were on level 7 of the Dungeon.
You visited 2 branches of the dungeon, and saw 6 of its levels.

You collected 297 gold pieces.

Inventory:

Missiles
 g - 17 poisoned darts
Scrolls
 b - a scroll of torment {unknown}
 d - a scroll of immolation {!d}
 h - 3 scrolls of fog
 j - a scroll of magic mapping {unknown}
 k - 2 scrolls of fear {!r}
 o - a scroll of poison {unknown}
 p - 5 scrolls of teleportation {!d}
 q - a scroll of brand weapon {unknown}
Potions
 a - 2 potions of lignification {!d}
 c - a potion of mutation {unknown}
 e - a potion of brilliance {unknown}
 f - 3 potions of curing {!q!d}
 i - 4 potions of degeneration {unknown}
 l - 2 potions of attraction {unknown}
 m - a potion of haste {unknown}
 n - a potion of berserk rage {unknown}


   Skills:
 + Level 3.9 Fighting
 * Level 4.6 Dodging
 - Level 3.0 Stealth
 + Level 6.3 Unarmed Combat
 - Level 2.0 Spellcasting
 - Level 2.0 Transmutations
 - Level 2.0 Poison Magic


You had 4 spell levels left.
You knew the following spells:

 Your Spells              Type           Power      Damage    Failure   Level
a - Beastly Appendage     Tmut           18%        N/A       8%          1
b - Wereblood             Tmut           9%         N/A       12%         2
c - Spider Form           Tmut/Pois      9%         N/A       24%         3

Your spell library contained the following spells:

 Spells                   Type           Power      Damage    Failure   Level
 Magic Dart               Conj           4%         1d3       19%         1
 Necrotise                Necr           4%         1d4       19%         1
 Call Imp                 Summ           1%         N/A       26%         2
 Mephitic Cloud           Conj/Pois/Air  4%         N/A       38%         3
 Call Canine Familiar     Summ           1%         N/A       47%         3
 Portal Projectile        Hex/Tloc       2%         N/A       47%         3
 Ice Form                 Ice/Tmut       5%         N/A       75%         4
 Leda's Liquefaction      Hex/Erth       0%         N/A       87%         4
 Agony                    Necr           1%         N/A       99%         5
 Borgnjor's Vile Clutch   Necr/Erth      0%         N/A       99%         5
 Simulacrum               Ice/Necr       0%         N/A       100%        6


Dungeon Overview and Level Annotations

Branches:
Dungeon (4/15) Zot: 24927  Temple (1/1) D:4 Zot: 5856

Altars:
Elyvilon
Fedhas
Gozag
Hepliaklqana
Kikubaaqudgha
Makhleb
Nemelex Xobeh
Okawaru
Qazlal
Ru
Sif Muna
Trog
Uskayaw
Xom
Yredelemnul
Zin
The Shining One

Shops:
D:1 (

Annotations:
D:4 2 transporters


Innate Abilities, Weirdness & Mutations

You cannot wear most types of armour.
You are amphibious.
You can wear up to eight rings at the same time.
Your skin changes colour to match your surroundings (Stealth+).
Your rubbery body absorbs attacks. (AC +1, EV +1)
((You are camouflaged when in or above water. (Stealth+)))
You have tentacles for arms and can constrict up to eight enemies at once.


Message History

The orc wizard is heavily wounded.
The orc wizard gestures at you while chanting.
You resist with some effort.
You release spores at the orc wizard.
The orc wizard appears confused.
The orc wizard is severely wounded.
The orc wizard barely misses you.
The orc wizard hits itself with the +4 short sword "Trog's Fury" {drain, Drain rF++}.
You release spores at the orc wizard but do no damage.
The orc wizard is almost dead.
You release spores at the orc wizard.
You kill the orc wizard!
The orc warrior throws a boomerang.
The boomerang hits you.
* * * LOW HITPOINT WARNING * * *
You release spores at the orc warrior but do no damage.
You hear some strange, mumbled words.
You are confused.
You bump into the rock wall.
Your transformation is almost over.
The orc warrior hits you with a +0 battleaxe.
* * * LOW HITPOINT WARNING * * *
You bump into the rock wall.
The orc misses you. The orc warrior misses you.
You barely miss the orc.
You bump into the rock wall.
The orc warrior completely misses you. The orc completely misses you.
It was a potion of curing.
You feel better. The orc misses you.
You release spores at the orc warrior!
The orc warrior is moderately wounded.
The orc warrior closely misses you. The orc hits you but does no damage.
You hear some strange, mumbled words.
A magic dart appears from out of thin air!
The magic dart hits you.
You release spores at the orc warrior but do no damage.
The orc warrior is moderately wounded.
The orc hits you but does no damage. The orc warrior misses you.
Something hits you but does no damage.
You release spores at something.
You stop sporulating.
The orc completely misses you.
The orc warrior hits you with a +0 battleaxe!
You die...

#.###.# #.# #.# #.#
#.###### #.# #......#
#.# ######.# #.# #.#
#########.########.#
.............)..o{.#
...............^@o>#
#########.########)##
# #.# #..# ###### #.#
#..## .....#
#.########...##.#
.....#
#......)........#
.....#
##########.#.....
######## .....##
.......# .#...


You could see an orc warrior and an orc.

Vanquished Creatures
  A steam dragon (D:7)
  An orc warrior (D:7)
  An ogre (D:7)
  A centaur (D:7)
  2 bullfrogs (D:7)
  A howler monkey (D:7)
  A jelly (D:7)
  3 iguanas
  2 orc wizards (D:7)
  4 adders
  2 dart slugs (D:1)
  An orc (D:7)
  8 ball pythons
  4 bats
  7 endoplasms
  5 giant cockroaches
  4 goblins
  6 hobgoblins
  7 jackals
  A kobold (D:3)
  4 quokkas
  4 frilled lizards
  3 rats
73 creatures vanquished.

Vanquished Creatures (others)
  4 toadstools (D:3)
4 creatures vanquished.

Grand Total: 77 creatures vanquished

Notes
Turn   | Place    | Note
-------+----------+-------------------------------------------
     0 | D:1      | buhh the Octopode Transmuter began the quest for the Orb.
     0 | D:1      | Reached XP level 1. HP: 13/13 MP: 3/3
   258 | D:1      | Reached XP level 2. HP: 10/18 MP: 3/5
   567 | D:1      | Got the Essays on Iniquitous Mysteries
   568 | D:1      | Found Gekisis's Weapon Shop.
  1019 | D:1      | Reached XP level 3. HP: 23/23 MP: 4/6
  1153 | D:1      | Found a faded altar of an unknown god.
  2134 | D:3      | Learned a level 2 spell: Wereblood
  2138 | D:3      | Learned a level 3 spell: Spider Form
  2158 | D:3      | Reached XP level 4. HP: 6/28 MP: 5/7
  2621 | D:3      | Found a sacrificial altar of Ru.
  2719 | D:3      | Reached skill level 4 in Unarmed Combat
  3023 | D:3      | Reached XP level 5. HP: 34/34 MP: 6/8
  3344 | D:3      | Found an opulent altar of Gozag.
  3425 | D:4      | Found a staircase to the Ecumenical Temple.
  3445 | Temple   | Entered the Ecumenical Temple
  3723 | D:4      | Noticed a kobold brigand
  3830 | D:4      | Found a transporter.
  3835 | D:4      | Found a blossoming altar of Fedhas.
  3924 | D:4      | Found a transporter.
  3947 | D:4      | Found a shimmering blue altar of Sif Muna.
  4073 | D:4      | You fall into a shaft and drop 3 floors!
  4093 | D:7      | Noticed a centaur
  4101 | D:7      | Killed a centaur
  4102 | D:7      | Reached XP level 6. HP: 34/41 MP: 5/9
  4132 | D:7      | Found a basalt altar of Yredelemnul.
  4165 | D:7      | Reached skill level 5 in Unarmed Combat
  4464 | D:7      | Noticed a steam dragon
  4480 | D:7      | Killed a steam dragon
  4481 | D:7      | Reached XP level 7. HP: 27/46 MP: 2/10
  4484 | D:7      | HP: 1/69 [ogre/+0 giant spiked club (4)]
  4809 | D:7      | Identified the +4 short sword "Trog's Fury" {drain, Drain
                  | rF++}
  4841 | D:7      | Identified the +6 scale mail of the Illusory Runes
                  | {*Corrode rPois Dex+7 Stlth+}
  4867 | D:7      | Reached skill level 6 in Unarmed Combat
  4872 | D:7      | Found a bloodstained altar of Trog.
  5230 | D:7      | Slain by an orc warrior

Illustrated notes

Levels and vault maps discovered:
D:1:      wander_arrival_estate, layout_rooms, basic_ecumenical_altar,
          serial_shops, nicolae_shop_bloodbath_and_beyond, serial_curves,
          eino_curves_01, eino_curves_03
D:2:      layout_loops_ring
D:3:      layout_basic, nicolae_ru_awakened_eye, grunt_gozag_breadcrumbs,
          minmay_gold_behind_fungi
D:4:      gammafunk_wand_slinger, layout_cave_pools, fedhas_altar_1,
          nicolae_sif_muna_condensation, minmay_temple_entry_sparse_star
D:7:      layout_basic, mainiacjoe_overflow_catwalk, marbit_many_paths,
          nicolae_wu_jian_glorious_leap
Temple:   nicolae_temple_bog_church

Skill      XL: |  1  2  3  4  5  6  7 |
---------------+----------------------+-----
Stealth        | 1 2 3 |  3.0
Poison Magic   | 1 2 |  2.0
Unarmed Combat | 4 5 6 |  6.3
Fighting       | 2 3 |  3.9
Dodging        | 3 4 |  4.6
Spellcasting   | |  2.0
Transmutations | |  2.0

Action                   |  1- 3 |  4- 6 |  7- 9 || total
-------------------------+-------+-------+-------++-------
Melee: Unarmed           |    81 |    73 |    32 ||   186
       Kick              |    22 |    14 |       ||    36
       Tentacles         |    13 |    10 |       ||    23
       Constrict         |    17 |    12 |       ||    29
       Punch             |     1 |     1 |       ||     2
 Cast: Beastly Appendage |    23 |    22 |       ||    45
       Spider Form       |     1 |     5 |     4 ||    10
       Wereblood         |       |     1 |     1 ||     2
  Use: Potion            |     1 |       |     2 ||     3
       Scroll            |       |     5 |       ||     5
 Stab: Sleeping          |     6 |    10 |       ||    16
Armor: Skin              |     8 |     5 |     5 ||    18
Dodge: Dodged            |    47 |    60 |    20 ||   127

Table legend: (Time is in decaauts)
 A = Elapsed time spent in this place.
 B = Non-inter-level travel time spent in this place.
 C = Inter-level travel time spent in this place.
 D = Time resting spent in this place.
 E = Time spent auto-exploring this place.
 F = Levels seen in this place.
 G = Mean time per level.
                   A        B        C        D        E       F      G
               +--------+--------+--------+--------+--------+-----+--------+
         Total |   5215 |   5078 |    137 |   1177 |   2778 |   6 |  869.2 |
       Dungeon |   5071 |   4955 |    116 |   1177 |   2661 |   5 | 1014.2 |
        Temple |    143 |    123 |     20 |      0 |    117 |   1 |  143.0 |
               +--------+--------+--------+--------+--------+-----+--------+

Top non-repeatable levels by time:
     D:3: 1289 daAuts
     D:1: 1229 daAuts
     D:7: 1150 daAuts
     D:2: 880 daAuts
     D:4: 521 daAuts
  Temple: 143 daAuts
